 Dungeon Sprint DCSS version 0.15-a0-1224-g3833f9c (webtiles) character file.

7800000 Infinimo the Axe Maniac (level 24, -16/227 HPs)
             Began as a Demonspawn Gladiator on June 1, 2014.
             Was the Champion of Makhleb.
             Demolished by a meat berserker
             ... wielding a +9,+9 battleaxe
              (63 damage)
             ... in the Dungeon (Sprint VIII: "Arena of Blood").
             The game lasted 00:03:11 (78 turns).

Infinimo the Axe Maniac (Demonspawn Gladiator)        Turns: 78, Time: 00:03:11

HP -16/227       AC  6     Str 19      XL: 24   Next: 27%
MP  31/48        EV 40     Int 11      God: Makhleb [******]
Gold 0           SH  0     Dex 27      Spells:  0 memorised, 77 levels left

rFire  . . .     SeeInvis +     l - +∞ Axe of Woe
rCold  . . .     Clarity  .     b - +0 leather armour
rNeg   + . .     rCorr    .     (no shield)
rPois  .         rRot     +     (helmet unavailable)
rElec  .         Spirit   .     (no cloak)
SustAb .         Warding  .     (no gloves)
rMut   .         NoTele   +     (no boots)
Gourm  .                        (no amulet)
MR     +....                    (no ring)
                                (no ring)

@: slowed, very slow, somewhat resistant to hostile enchantments, uncannily
stealthy
A: antennae 3, thin skeletal structure 3, foul stench 2, life protection 1,
spiny 2, 50% torment resistance, black mark, rot immunity
a: Minor Destruction, Lesser Servant of Makhleb, Major Destruction, Greater
Servant of Makhleb, Renounce Religion


You were in the Dungeon.
You worshipped Makhleb.
Makhleb was exalted by your worship.
You were not hungry.

You visited 1 branch

Inventory:

Hand weapons
 a - a +0,+0 war axe
 l - the +∞,+∞ Axe of Woe (weapon)
   (You found it in the Dungeon)
Missiles
 d - 2 throwing nets (quivered)
Armour
 b - a +0 leather armour (worn)
 c - a +0 helmet
Comestibles
 f - a bread ration
Scrolls
 k - a scroll of blinking
Potions
 e - a potion of curing
 h - a potion of haste
 i - 2 potions of magic
 j - a potion of berserk rage


   Skills:
 O Level 27 Fighting
 O Level 27 Axes
 O Level 27 Throwing
 O Level 27 Armour
 O Level 27 Dodging
 O Level 27 Stealth
 O Level 27 Unarmed Combat
 O Level 27 Spellcasting
 O Level 27 Invocations


You had 77 spell levels left.
You didn't know any spells.

Dungeon Overview and Level Annotations

Branches:
Dungeon (1/1)

Altars:
Makhleb


Innate Abilities, Weirdness & Mutations

You have a pair of large antennae on your head (SInv).
You have an unnaturally thin skeletal structure (Dex +6, Stealth++).
You radiate miasma.
You resist negative energy.
You are mostly covered in sharp spines.
You are somewhat able to resist unholy torments (1 in 2 success).
Your melee attacks sometimes drain vitality from your foes.
You are immune to rotting.


Message History

Throwing (i - inventory):
d - 2 throwing nets (quivered)
Press: ? - help, Shift-Dir - straight line, f/p - bag of meat
Aim: a bag of meat, wielding a +9,+9 war axe and wearing a +27000,+30 ring of slaying (entangled in a net)
Okay, then.
Unknown command.
Drink which item? (? for menu, Esc to quit)
You feel much better.
The bag of meat struggles against the net.
You hear a shout! x9
The lost soul appears out of thin air!
A lost soul comes into view.
You hear a shout! x8
The meat berserker rages.
An ogre and a phantom come into view.
Unknown command.
A small abomination, a greater mummy, a wraith and a lich come into view.
The bag of meat struggles against the net. x2
You hear a shout! x8
The meat berserker hits you with a +9,+9 battleaxe!!!
You die...

......... .#.#......
........oo###
...............
..........M.....
..........%..O%...
.........OW........
#.......#§§O.......
#.......#.@§........
.###.....))###§o.......
......###).){{xC......#
....%._.)){§{x.......
...#..%..#.§§.Lx.#.#.
#_.<._#....Mo.....
#.....#{.....#.#.
......_............
......###.....W%..#


You could see 2 accurseds, a tyrant (wandering), a large bag of meat (inner
flame), a lost soul (wandering), a dread (wandering), 3 meat berserkers, a small
abomination and 4 bags of meat.

Vanquished Creatures
  A greater mummy (D)
  2 hell beasts (D)
  2 hill giants (D)
  18 ogres (D)
  33 orcs (D)
  A skeletal warrior (D)
  12 vampire knights (D)
  2 large abominations (D)
  2 crawling corpses (D)
73 creatures vanquished.

Notes
Turn   | Place    | Note
--------------------------------------------------------------
     0 | D        | Infinimo, the Demonspawn Gladiator, began the quest for the Orb.
     0 | D        | Reached XP level 1. HP: 16/16 MP: 1/1
     4 | D        | Noticed a bag of meat
     4 | D        | Became a worshipper of Makhleb the Destroyer
     5 | D        | Noticed a bag of meat
     7 | D        | Noticed a bag of meat
     7 | D        | Noticed a bag of meat
     8 | D        | Noticed a meat berserker
     8 | D        | Killed a bag of meat
     8 | D        | Reached skill level 23 in Axes
     8 | D        | Gained mutation: You have a pair of small antennae on your head. [demonic ancestry]
     8 | D        | Reached XP level 2. HP: 22/22 MP: 2/2
     8 | D        | Gained mutation: You are immune to rotting. [demonic ancestry]
     8 | D        | Reached XP level 3. HP: 27/27 MP: 3/3
     8 | D        | Reached XP level 4. HP: 33/33 MP: 4/4
     8 | D        | Reached XP level 5. HP: 38/38 MP: 5/5
     8 | D        | Gained mutation: You have a somewhat thin skeletal structure (Dex +2, Stealth). [demonic ancestry]
     8 | D        | Reached XP level 6. HP: 44/44 MP: 6/6
     8 | D        | Gained mutation: You have a pair of antennae on your head. [demonic ancestry]
     8 | D        | Reached XP level 7. HP: 50/50 MP: 7/7
     8 | D        | Reached XP level 8. HP: 56/56 MP: 8/8
     8 | D        | Reached XP level 9. HP: 61/61 MP: 9/9
     8 | D        | Gained mutation: You emit a foul stench. [demonic ancestry]
     8 | D        | Reached XP level 10. HP: 67/67 MP: 10/10
     8 | D        | Reached XP level 11. HP: 72/72 MP: 11/11
     9 | D        | Noticed a bag of meat
     9 | D        | Noticed a bag of meat
     9 | D        | Killed a bag of meat
     9 | D        | Acquired Makhleb's first power
     9 | D        | Reached skill level 26 in Axes
     9 | D        | Gained mutation: You have a moderately thin skeletal structure (Dex +4, Stealth+). [demonic ancestry]
     9 | D        | Reached XP level 12. HP: 78/78 MP: 12/12
    11 | D        | Noticed a meat berserker
    11 | D        | Noticed a bag of meat
    11 | D        | Killed a bag of meat
    11 | D        | Reached skill level 27 in Axes
    11 | D        | Reached XP level 13. HP: 82/96 MP: 13/13
    12 | D        | Killed a meat berserker
    12 | D        | Reached skill level 10 in Armour
    12 | D        | Reached skill level 10 in Dodging
    13 | D        | Noticed a destroyer
    13 | D        | Noticed a meat berserker
    13 | D        | Noticed a meat berserker
    13 | D        | Killed a bag of meat
    13 | D        | Acquired Makhleb's second power
    13 | D        | Gained mutation: You have a pair of large antennae on your head (SInv). [demonic ancestry]
    13 | D        | Reached XP level 14. HP: 102/118 MP: 14/14
    13 | D        | Killed a meat berserker
    13 | D        | Reached skill level 15 in Fighting
    14 | D        | Killed a destroyer
    14 | D        | Reached skill level 15 in Armour
    14 | D        | Reached skill level 15 in Dodging
    14 | D        | Gained mutation: You radiate miasma. [demonic ancestry]
    14 | D        | Reached XP level 15. HP: 128/132 MP: 15/15
    15 | D        | Killed a bag of meat
    15 | D        | Acquired Makhleb's third power
    15 | D        | Killed a meat berserker
    16 | D        | Noticed a bag of meat
    16 | D        | Killed a meat berserker
    17 | D        | Noticed a meat berserker
    17 | D        | Noticed a bag of meat
    18 | D        | Noticed a meat berserker
    19 | D        | Noticed a meat berserker
    19 | D        | Noticed a meat berserker
    20 | D        | Killed a bag of meat
    20 | D        | Acquired Makhleb's fourth power
    20 | D        | Gained mutation: You have an unnaturally thin skeletal structure (Dex +6, Stealth++). [demonic ancestry]
    20 | D        | Reached XP level 16. HP: 147/150 MP: 16/16
    20 | D        | Killed a bag of meat
    20 | D        | Killed a meat berserker
    20 | D        | Killed a meat berserker
    21 | D        | Noticed a destroyer
    21 | D        | Noticed a bag of meat
    21 | D        | Noticed a bag of meat
    21 | D        | Noticed a large bag of meat
    22 | D        | Killed a meat berserker
    22 | D        | Acquired Makhleb's fifth power
    22 | D        | Gained mutation: You are partially covered in sharp spines. [demonic ancestry]
    22 | D        | Reached XP level 17. HP: 90/166 MP: 17/17
    23 | D        | Noticed a bag of meat
    23 | D        | Killed a meat berserker
    23 | D        | Killed a bag of meat
    24 | D        | Noticed a bag of meat
    24 | D        | Noticed a bag of meat
    24 | D        | Noticed a bag of meat
    24 | D        | Noticed a meat berserker
    24 | D        | Noticed a bag of meat
    24 | D        | Noticed a bag of meat
    25 | D        | Noticed a bag of meat
    25 | D        | Noticed a meat berserker
    26 | D        | Noticed a destroyer
    27 | D        | Noticed a bag of meat
    27 | D        | Noticed a destroyer
    27 | D        | Killed a destroyer
    27 | D        | Killed a bag of meat
    28 | D        | Noticed a bag of meat
    28 | D        | Killed a bag of meat
    28 | D        | Reached skill level 27 in Fighting
    28 | D        | Gained mutation: You resist negative energy. [demonic ancestry]
    28 | D        | Reached XP level 18. HP: 180/182 MP: 18/18
    28 | D        | Killed a large bag of meat
    28 | D        | Killed a bag of meat
    28 | D        | Reached skill level 27 in Armour
    28 | D        | Reached skill level 27 in Dodging
    29 | D        | Killed a bag of meat
    29 | D        | Killed a bag of meat
    30 | D        | Killed a meat berserker
    30 | D        | Reached skill level 10 in Throwing
    30 | D        | Reached skill level 10 in Stealth
    31 | D        | Killed a bag of meat
    31 | D        | Reached skill level 15 in Invocations
    31 | D        | Reached XP level 19. HP: 189/189 MP: 18/36
    31 | D        | Killed a bag of meat
    32 | D        | Noticed a meat berserker
    32 | D        | Noticed a destroyer
    32 | D        | Killed a bag of meat
    32 | D        | Killed a destroyer
    32 | D        | Reached skill level 15 in Stealth
    33 | D        | Killed a meat berserker
    33 | D        | Reached skill level 15 in Throwing
    33 | D        | Reached skill level 15 in Unarmed Combat
    33 | D        | Reached skill level 15 in Spellcasting
    34 | D        | Noticed a bag of meat
    34 | D        | Killed a destroyer
    34 | D        | Killed a bag of meat
    34 | D        | Gained mutation: You are somewhat able to resist unholy torments (1 in 2 success). [demonic ancestry]
    34 | D        | Reached XP level 20. HP: 197/197 MP: 18/41
    35 | D        | Noticed a bag of meat
    36 | D        | Noticed a meat berserker
    36 | D        | Noticed a bag of meat
    36 | D        | Noticed a destroyer
    36 | D        | Killed a bag of meat
    36 | D        | Killed a bag of meat
    37 | D        | Noticed a bag of meat
    37 | D        | Killed a bag of meat
    37 | D        | Killed a destroyer
    38 | D        | Noticed a destroyer
    38 | D        | Noticed a bag of meat
    39 | D        | Noticed a meat berserker
    40 | D        | Noticed a destroyer
    40 | D        | Killed a meat berserker
    40 | D        | Killed a meat berserker
    41 | D        | Noticed a bag of meat
    41 | D        | Noticed a bag of meat
    42 | D        | Noticed a sculptor of flesh
    43 | D        | Killed a bag of meat
    45 | D        | Noticed a destroyer
    45 | D        | Killed a destroyer
    45 | D        | Reached skill level 27 in Invocations
    45 | D        | Reached XP level 21. HP: 204/204 MP: 21/44
    45 | D        | Killed a meat berserker
    47 | D        | Noticed a bag of meat
    47 | D        | Noticed a meat berserker
    47 | D        | Killed a destroyer
    47 | D        | Killed a bag of meat
    48 | D        | Noticed a bag of meat
    48 | D        | Killed a bag of meat
    50 | D        | Noticed a bag of meat
    50 | D        | Noticed a bag of meat
    50 | D        | Noticed a meat berserker
    50 | D        | Killed a bag of meat
    51 | D        | Killed a destroyer
    53 | D        | Noticed an accursed
    53 | D        | Killed a meat berserker
    54 | D        | Noticed a meat berserker
    54 | D        | Noticed a destroyer
    54 | D        | Killed a bag of meat
    54 | D        | Reached XP level 22. HP: 212/212 MP: 23/46
    55 | D        | Noticed a destroyer
    55 | D        | Killed a meat berserker
    55 | D        | Reached skill level 27 in Stealth
    56 | D        | Noticed a meat berserker
    56 | D        | Killed a sculptor of flesh
    57 | D        | Noticed a meat berserker
    57 | D        | Killed a bag of meat
    58 | D        | Noticed a bag of meat
    58 | D        | Killed a bag of meat
    58 | D        | Reached skill level 27 in Throwing
    58 | D        | Reached skill level 27 in Unarmed Combat
    58 | D        | Reached skill level 27 in Spellcasting
    60 | D        | Noticed a bag of meat
    60 | D        | Killed a meat berserker
    60 | D        | Killed a bag of meat
    60 | D        | Killed a bag of meat
    61 | D        | Noticed a bag of meat
    61 | D        | Noticed a large bag of meat
    62 | D        | Noticed a destroyer
    62 | D        | Killed a meat berserker
    62 | D        | Killed a destroyer
    62 | D        | Gained mutation: You are mostly covered in sharp spines. [demonic ancestry]
    62 | D        | Reached XP level 23. HP: 219/219 MP: 25/48
    63 | D        | Killed a meat berserker
    63 | D        | Killed a destroyer
    64 | D        | Killed a destroyer
    65 | D        | Killed a destroyer
    66 | D        | Noticed a meat beast
    67 | D        | Killed a bag of meat
    67 | D        | Killed a bag of meat
    67 | D        | Killed an accursed
    68 | D        | Killed a bag of meat
    69 | D        | Killed a large bag of meat
    69 | D        | Gained mutation: Your melee attacks sometimes drain vitality from your foes. [demonic ancestry]
    69 | D        | Reached XP level 24. HP: 227/227 MP: 27/48
    69 | D        | Killed a meat beast
    69 | D        | Killed a bag of meat
    70 | D        | Noticed a large bag of meat
    71 | D        | Noticed an accursed
    72 | D        | Noticed an eight-headed meat hydra
    73 | D        | Noticed a bag of meat
    73 | D        | Noticed a meat beast
    74 | D        | Noticed a meat berserker
    74 | D        | Noticed a bag of meat
    74 | D        | HP: 7/227 [accursed/divine providence (10)]
    75 | D        | Noticed a meat berserker
    75 | D        | Noticed a meat berserker
    75 | D        | Killed a meat beast
    77 | D        | Noticed a bag of meat
    77 | D        | Noticed a bag of meat
    78 | D        | Noticed a meat berserker
    78 | D        | Noticed a lost soul
    78 | D        | Noticed an accursed
    78 | D        | Noticed a dread
    78 | D        | Noticed a tyrant
    78 | D        | Demolished by a meat berserker

Action                   |  1- 3 |  4- 6 |  7- 9 | 10-12 | 13-15 | 16-18 | 19-21 | 22-24 || total
-------------------------+-------+-------+-------+-------+-------+-------+-------+-------++-------
Melee: Executioner's axe |     1 |       |       |     2 |     6 |     7 |    14 |    14 ||    44
Throw: Throwing net      |       |       |       |       |       |       |       |     1 ||     1
  Use: Potion            |       |       |       |       |       |       |       |     1 ||     1
